AoeStats
← Cebel-i Kebir

Black Forest

509954570Analyzed
3v3 RM · 2d ago on Sep 28, 2026· 87m 15s· 6 players
Game mode
Random Map
Map size
Normal (6 player)
Population
200
Speed
Normal
Resources
Standard
Victory
Conquest
Starting age
Dark Age
Ending age
Imperial Age
RankedLock teamsTeams togetherTeam positionsShared explorationLock speedFull tech treeHidden civsTurbo modeCheats
Victory
Defeat
🇩🇪 Magyars · Germany
660
+13
🇦🇷 Persians · Argentina
657
+13
🇩🇪 Teutons · Germany
629
+14
🇺🇸 Khmer · United States
638
-16
🇧🇪 Poles · Belgium
593
-13
🇨🇱 Lithuanians · Chile
527
-11
AfC11Fan
0:28 Loom
12:25 Feudal Age
12:56 Horse Collar
13:04 Double-Bit Axe
14:26 Stone Mining
16:52 Gold Mining
20:45 Forging
20:35 Scale Mail Armor
20:41 Scale Barding Armor
26:09 Castle Age
25:01 Arson
26:54 Heavy Plow
27:07 Bow Saw
27:36 Stone Shaft Mining
27:06 Squires
26:26 Pikeman
27:36 Bloodlines
29:24 Iron Casting
29:05 Chain Mail Armor
29:11 Chain Barding Armor
30:49 Coinage
30:19 Caravan
30:52 Fortified Wall
36:14 Imperial Age
36:29 Halberdier
38:08 Crop Rotation
38:42 Two-Man Saw
38:22 Cavalier
38:51 Town Watch
39:42 Wheelbarrow
42:04 Blast Furnace
41:08 Town Patrol
41:24 Hand Cart
42:46 Plate Mail Armor
44:27 Plate Barding Armor
44:57 Guilds
45:18 Banking
46:50 Paladin
◘ INSIDER ◘
0:27 Loom
13:51 Feudal Age
14:44 Town Watch
15:06 Double-Bit Axe
15:28 Horse Collar
18:46 Fletching
20:14 Wheelbarrow
19:46 Scale Mail Armor
19:09 Man-at-Arms
20:52 Gold Mining
21:24 Padded Archer Armor
23:30 Forging
25:44 Castle Age
24:11 Stone Mining
24:17 Arson
24:42 Scale Barding Armor
26:37 Hand Cart
26:58 Bodkin Arrow
27:48 Stone Shaft Mining
26:45 Crossbowman
27:29 Town Patrol
30:16 Squires
30:03 Gambesons
29:39 Pikeman
29:40 Long Swordsman
30:48 Chain Mail Armor
36:11 Imperial Age
35:04 Bow Saw
35:41 Leather Archer Armor
35:48 Chain Barding Armor
36:57 Conscription
38:07 Chemistry
37:28 Ballistics
37:04 Murder Holes
37:03 Guard Tower
38:34 Hoardings
38:40 Iron Casting
38:56 Citadels
41:14 Two-Man Saw
41:47 Thumb Ring
43:53 Halberdier
45:39 Elite War Elephant
48:40 Plate Mail Armor
49:11 Blast Furnace
48:41 Ring Archer Armor
48:48 Plate Barding Armor
52:35 Heavy Scorpion
56:44 Caravan
60:19 Gold Shaft Mining
Cebel-i Kebir
11:07 Feudal Age
11:34 Double-Bit Axe
13:45 Gold Mining
19:57 Castle Age
18:07 Stone Mining
19:17 Horse Collar
22:19 Bow Saw
22:58 Heavy Plow
26:47 Gold Shaft Mining
33:06 Imperial Age
33:45 Loom
34:36 Wheelbarrow
33:47 Town Watch
34:11 Scale Barding Armor
34:06 Scale Mail Armor
34:08 Padded Archer Armor
33:58 Fletching
34:14 Corvinian Army
33:35 Elite Magyar Huszar
37:09 Hand Cart
36:55 Town Patrol
37:32 Husbandry
37:42 Bloodlines
37:39 Recurve Bow
38:00 Conscription
37:10 Sappers
38:15 Hoardings
38:20 Parthian Tactics
38:02 Thumb Ring
39:28 Two-Man Saw
39:27 Crop Rotation
40:23 Caravan
40:53 Coinage
39:54 Heavy Cavalry Archer
41:31 Chain Barding Armor
41:26 Chain Mail Armor
41:27 Leather Archer Armor
41:07 Bodkin Arrow
40:58 Treadmill Crane
41:14 Murder Holes
41:29 Masonry
42:09 Cavalier
44:04 Banking
45:56 Plate Barding Armor
45:51 Ring Archer Armor
45:22 Bracer
45:14 Arson
45:30 Paladin
48:45 Pikeman
49:35 Halberdier
54:03 Chemistry
53:24 Ballistics
53:10 Siege Engineers
54:13 Elite Skirmisher
87:16 Spies/Treason
z.chart12
2:58 Loom
11:32 Feudal Age
12:05 Double-Bit Axe
12:01 Horse Collar
21:52 Castle Age
24:27 Stone Mining
24:28 Gold Mining
28:43 Bow Saw
30:36 Stone Shaft Mining
30:36 Gold Shaft Mining
35:19 Imperial Age
33:23 Caravan
36:03 Forging
35:53 Scale Mail Armor
35:58 Scale Barding Armor
35:44 Fletching
35:54 Padded Archer Armor
36:23 Ballistics
36:00 Murder Holes
36:17 Masonry
37:59 Iron Casting
37:39 Chain Mail Armor
37:44 Chain Barding Armor
37:20 Bodkin Arrow
38:19 Siege Engineers
40:10 Architecture
39:53 Tusk Swords
40:15 Conscription
40:00 Elite Battle Elephant
40:45 Husbandry
41:02 Bloodlines
41:00 Heavy Scorpion
43:00 Wheelbarrow
42:48 Leather Archer Armor
43:21 Double Crossbow
44:03 Hand Cart
43:52 Heavy Plow
44:56 Ring Archer Armor
44:26 Bracer
45:27 Blast Furnace
45:19 Plate Barding Armor
49:21 Pikeman
49:47 Arson
51:21 Halberdier
60:06 Crop Rotation
59:19 Elite Ballista Elephant
LewolfCC
1:20 Loom
15:04 Feudal Age
22:48 Castle Age
21:03 Double-Bit Axe
21:33 Horse Collar
22:01 Gold Mining
27:07 Wheelbarrow
26:30 Stone Mining
29:11 Hand Cart
34:27 Arson
34:43 Squires
34:03 Pikeman
34:28 Pikeman
38:16 Imperial Age
38:50 Forging
38:40 Scale Mail Armor
38:46 Scale Barding Armor
38:22 Halberdier
40:00 Town Watch
42:59 Iron Casting
43:48 Chain Mail Armor
44:05 Chain Barding Armor
47:42 Plate Barding Armor
48:56 Bow Saw
48:51 Heavy Plow
51:30 Conscription
51:48 Tower Shields
54:26 Town Patrol
58:03 Town Patrol
nejmi0
14:56 Feudal Age
15:34 Double-Bit Axe
15:44 Man-at-Arms
16:17 Horse Collar
20:24 Wheelbarrow
20:34 Gold Mining
26:22 Castle Age
24:39 Scale Mail Armor
27:59 Bow Saw
28:02 Heavy Plow
28:07 Padded Archer Armor
27:58 Fletching
28:25 Chain Mail Armor
28:16 Scale Barding Armor
29:19 Stone Mining
29:36 Long Swordsman
29:39 Crossbowman
31:03 Pikeman
32:26 Bodkin Arrow
32:47 Leather Archer Armor
39:22 Imperial Age
40:31 Chain Barding Armor
40:22 Forging
40:32 Hand Cart
40:03 Loom
40:04 Town Watch
39:47 Cavalier
39:48 Light Cavalry
40:39 Bloodlines
43:33 Two-Handed Swordsman
44:31 Champion
55:49 Plate Mail Armor
56:23 Iron Casting
59:34 Town Patrol
60:55 Elite Skirmisher
Connection lost

Rejoining the realm…

Still unreachable

The connection could not be restored.

Session expired

The server has moved on; the page needs a fresh start.